[Event "AUT-ch U16 Boys 2022"]
[Site "Sankt Veit an der Glan"]
[Date "2022.04.13"]
[Round "6.8"]
[White "Kuti, Oliver"]
[Black "Elsaesser, Daniel"]
[Result "0-1"]
[ECO "B22"]
[WhiteElo "1970"]
[BlackElo "1571"]
[Annotator "TA"]
[PlyCount "88"]
[EventDate "2022.04.11"]
[EventType "swiss"]
[EventCountry "AUT"]
[SourceTitle "playchess.com"]
[Source "ChessBase"]
[SourceQuality "1"]
[TimeControl "5400+30"]

1. e4 c5 2. c3 d5 3. exd5 Qxd5 4. d4 Nc6 5. Nf3 Nf6 6. Be3 Bg4 {[%emt 0:00:15] B22: Sicilian: 2 c3.} 7. Be2 cxd4 8. cxd4 e6 {[%emt 0:02:26] The position is equal.} 9. Nc3 Bb4 10. a3 Bxc3+ 11. bxc3 O-O 12. O-O Rac8 {[%emt 0:01:40] [#]} 13. Rb1 $146 ({Predecessor:} 13. Rc1 Na5 14. h3 Bh5 15. Ne5 Bxe2 16. Qxe2 Nc4 17. Nxc4 Qxc4 18. Qf3 Qd5 19. Qg3 {0-1 (33) Aniston,J-Ufodike,B ICC INT 2009}) 13... Na5 14. Rb5 Qd8 15. Bg5 $1 b6 16. Qc1 (16. Ne5 $11 Bf5 17. g4) 16... Nc4 17. Bxc4 Rxc4 18. Ne5 Be2 {[%emt 0:00:21] aiming for ...Rc7.} 19. Nxc4 Bxc4 20. Re5 Bxf1 21. Kxf1 Re8 22. Qf4 $2 {[%emt 0:03:41] [#] White is now going downhill.} (22. h3 $11) 22... Nd5 $1 $19 23. Qg4 Qc7 24. Bh6 Qc4+ 25. Kg1 g6 26. h4 Qxc3 27. Qe2 {[%emt 0:01:26][%cal Oe5d5] And now Rxd5! would win.} Qxd4 28. Bc1 Nf4 ({Not} 28... Rc8 $2 29. Bb2 Qc4 30. g3 $19) 29. Qb5 Rf8 {[%emt 0:00:33] Threatens to win with ...Nd3.} 30. Bb2 Qd1+ 31. Kh2 Qg4 32. Qc6 Qxh4+ 33. Kg1 Nd3 34. g3 $2 {[%emt 0:02:55] [#]} (34. Re2) 34... Nxe5 $1 {[%emt 0:01:15] Black is clearly winning.} 35. Bxe5 {[%emt 0:00:01][%mdl 4096] Endgame KQR-KQB} Qd8 {[%emt 0:01:26] White must now prevent ...Qd1+.} 36. Bd6 Re8 37. Be5 Qd1+ 38. Kh2 Rd8 {[%emt 0:05:58] Hoping for ...Qh5+.} 39. Qc7 Qd2 40. Kg2 Qd7 41. Qc3 Qd5+ 42. Kg1 Qc5 43. Qa1 Rd2 44. Qe1 Qd5 {[%emt 0:00:19] Weighted Error Value: White=0.56/Black=0.13 (very precise)} 0-1

[Event "AUT-ch U16 Boys 2022"]
[Site "Sankt Veit an der Glan"]
[Date "2022.04.13"]
[Round "6.9"]
[White "Leitner, Thomas"]
[Black "Soldo, Dario"]
[Result "1-0"]
[ECO "A60"]
[WhiteElo "1734"]
[BlackElo "1547"]
[Annotator "NA RC"]
[PlyCount "63"]
[EventDate "2022.04.11"]
[EventType "swiss"]
[EventCountry "AUT"]
[SourceTitle "playchess.com"]
[Source "ChessBase"]
[SourceQuality "1"]
[TimeControl "5400+30"]

1. d4 Nf6 2. c4 c5 3. d5 e6 4. Nc3 exd5 5. cxd5 d6 6. Bf4 a6 7. a4 g6 8. Nf3 Bg7 9. h3 O-O 10. e3 Re8 11. Nd2 Qc7 12. Be2 Nbd7 13. a5 Ne5 14. O-O Nfd7 15. Bh2 f5 16. Qb3 Rb8 17. Qc2 Nf8 18. Rfe1 Bd7 19. Nc4 Nxc4 20. Bxc4 Bxc3 21. Qxc3 Bb5 22. Ba2 Rbd8 23. b4 Nd7 24. Rac1 Rc8 25. Red1 Kf7 26. Bf4 c4 27. Bh6 Rg8 28. Bg5 Rge8 29. Rd4 Ne5 30. Bh6 Qe7 31. f4 Nd3 32. Rxd3 1-0

[Event "AUT-ch U16 Boys 2022"]
[Site "Sankt Veit an der Glan"]
[Date "2022.04.13"]
[Round "6.11"]
[White "Stadlinger, Lukas"]
[Black "Schilcher, Elias"]
[Result "1/2-1/2"]
[ECO "C44"]
[WhiteElo "1718"]
[BlackElo "1445"]
[Annotator "NA RC"]
[PlyCount "91"]
[EventDate "2022.04.11"]
[EventType "swiss"]
[EventCountry "AUT"]
[SourceTitle "playchess.com"]
[Source "ChessBase"]
[SourceQuality "1"]
[TimeControl "5400+30"]

1. e4 e5 2. Nf3 Nc6 3. c3 Nf6 4. d4 exd4 5. cxd4 Bb4+ 6. Nc3 Nxe4 7. Qb3 Qe7 8. Be3 Na5 9. Qc2 d5 10. Bd3 O-O 11. O-O Bxc3 12. bxc3 Bg4 13. Ne5 Bc8 14. Bxe4 dxe4 15. Qxe4 f6 16. Qd5+ Qe6 17. Qxa5 fxe5 18. Qxc7 exd4 19. Bxd4 Rf7 20. Qd8+ Rf8 21. Qg5 Qg4 22. Qxg4 Bxg4 23. h3 Bf5 24. Rfe1 b6 25. Re7 Rf7 26. Rae1 Kf8 27. Rxf7+ Kxf7 28. Re5 g6 29. f4 Re8 30. Kf2 h5 31. Kf3 Rxe5 32. fxe5 Ke6 33. h4 Kd5 34. Ke3 Be4 35. e6 Bf5 36. e7 Bd7 37. Bf6 Ke6 38. Bg5 Ke5 39. g3 b5 40. Kd3 Kd5 41. Bf4 a6 42. Ke3 Ke6 43. Bg5 Ke5 44. Kd2 Kd5 45. Kd3 Be8 46. Bf6 1/2-1/2